 Dungeon Crawl Stone Soup version 0.21-a0-221-gfe971b9 (webtiles) character file.

14 tidbits the Skirmisher (level 2, -1/24 HPs)
             Began as a Demigod Wanderer on Aug 26, 2017.
             Slain by an adder (3 damage)
             ... on level 3 of the Dungeon.
             The game lasted 00:02:21 (384 turns).

tidbits the Skirmisher (Demigod Wanderer)            Turns: 384, Time: 00:02:21

Health: -1/24      AC:  2    Str: 20    XL:     2   Next: 15%
Magic:  6/6        EV: 11    Int: 18    God:
Gold:   57         SH:  0    Dex: 13    Spells: 2/3 levels left

rFire    . . .     SeeInvis .   a - +2 dagger
rCold    . . .     Gourm    .   (no shield)
rNeg     . . .     Faith    .   e - +0 robe
rPois    .         Spirit   .   (no helmet)
rElec    .         Reflect  .   (no cloak)
rCorr    .         Harm     .   (no gloves)
MR       .....                  (no boots)
Stlth    ++........             (no amulet)
HPRegen  0.08/turn              (no ring)
MPRegen  0.10/turn              (no ring)

@: mighty, lethally poisoned (-1 -> -15)
A: high mp 1
a: no special abilities


You were on level 3 of the Dungeon.
You were not hungry.

You visited 1 branch of the dungeon, and saw 3 of its levels.

You collected 57 gold pieces.

Inventory:

Hand Weapons
 a - a +2 dagger (weapon)
 c - a +0 short sword
Missiles
 g - 31 stones (quivered)
 o - 12 sling bullets
Armour
 e - a +0 robe (worn)
Scrolls
 h - 3 scrolls of identify {unknown}
 j - a scroll of teleportation {unknown}
 m - a scroll of amnesia {unknown}
Potions
 b - a potion of heal wounds
 l - a potion of flight {unknown}
 n - a potion of degeneration {unknown}
Books
 d - Sif Muna's Collected Works on Companions

   Spells                             Type                      Level
   a - Summon Small Mammal            Summoning                    1
   b - Summon Guardian Golem          Hexes/Summoning              3
Comestibles
 f - 3 bread rations
 k - a fruit


   Skills:
 - Level 2.1 Fighting
   Level 1.7 Polearms
 - Level 2.1 Stealth
 - Level 1.2 Spellcasting
 + Level 0.1 Summonings
   Level 1.0 Necromancy
   Level 1.0 Poison Magic
   Level 1.0 Evocations


You had 2 spell levels left.
You knew the following spells:

 Your Spells              Type           Power        Failure   Level  Hunger
z - Summon Small Mammal   Summ           #...         19%         1    ##.....


Dungeon Overview and Level Annotations

Branches:
Dungeon (3/15)

Annotations:
D:2 Sigmund


Innate Abilities, Weirdness & Mutations

You have an increased reservoir of magic. (+10% MP)


Message History

You see here a stone.
You hit the kobold.
The kobold is moderately wounded.
The kobold hits you but does no damage.
You hit the kobold.
You kill the kobold!
You see here a kobold corpse.
g - 13 stones (gained 1)
Found a murky sapphire potion.
Found a scroll labeled EZXINL OGYS.
i - a murky sapphire potion
j - a scroll labeled EZXINL OGYS
Found 16 gold pieces.
You now have 46 gold pieces (gained 16).
There is an open door here.
Things that are here:
a dagger; a kobold corpse
Found 11 gold pieces.
You now have 57 gold pieces (gained 11).
You open the door.
There is an open door here.
You open the door.
Found a hand axe and 18 stones.
There is an open door here.
g - 31 stones (gained 18)
Found an escape hatch in the floor.
Found a fruit.
A bat comes into view.
Found a silvery potion.
k - a fruit You open the door.
You open the door.
Found a stone staircase leading down.
There is an open door here.
l - a silvery potion
There is an open door here.
There is a stone staircase leading down here.
You climb downwards.
There is a stone staircase leading up here.
You open the door.
Found a scroll labeled EQETZA HIDOM and a lumpy ruby potion.
Found 12 sling bullets.
There is an open door here.
m - a scroll labeled EQETZA HIDOM You open the door.
A worm comes into view.
Found 11 stones.
Found a stone staircase leading down.
You see here a lumpy ruby potion.
n - a lumpy ruby potion You see here 12 sling bullets.
o - 12 sling bullets You open the door.
There is an open door here.
Found a scroll labeled XOANILIWKA.
An adder comes into view.
Found a mace and 3 scrolls labeled XOANILIWKA.
The helpless adder fails to defend itself.
You puncture the adder!
The adder is severely wounded.
The adder closely misses you.
You barely miss the adder.
The adder is severely wounded.
The adder barely misses you. The adder bites you.
You hit the adder.
The adder is almost dead.
The adder bites you.
You hit the adder but do no damage.
The adder is almost dead.
The adder bites you.
You barely miss the adder.
The adder is almost dead.
The adder closely misses you. The adder bites you but does no damage.
You barely miss the adder.
The adder is almost dead.
The adder bites you.
You are poisoned.
The adder poisons you!
You barely miss the adder.
The adder is almost dead.
You feel sick. The adder bites you.
* * * LOW HITPOINT WARNING * * *
You are lethally poisoned!
The adder poisons you!
You barely miss the adder.
The adder is almost dead.
* * * LOW HITPOINT WARNING * * *
You feel sick. The adder bites you but does no damage. The adder bites you.
* * * LOW HITPOINT WARNING * * *
You are more poisoned.
The adder poisons you!
It was a potion of might.
You feel very mighty all of a sudden.
* * * LOW HITPOINT WARNING * * *
You feel sick. The adder bites you.
* * * LOW HITPOINT WARNING * * *
You closely miss the adder.
The adder is almost dead.
* * * LOW HITPOINT WARNING * * *
You feel sick. The adder bites you.
You die...

.# ..# .?#
+#.# ..# # #
..#.#
#...#####.#.#
+.....S@....#
#.?)....#.###
####.....#.#
#<##.....#.#
#.##.....#.#
#.##.....#.#
#.##.....#.#
#.##.....#.#
#.# #.#


You could see an adder.

Vanquished Creatures
  An adder (D:2)
  3 kobolds (D:2)
  4 rats
8 creatures vanquished.

Notes
Turn   | Place    | Note
-------+----------+-------------------------------------------
     0 | D:1      | tidbits the Demigod Wanderer began the quest for the Orb.
     0 | D:1      | tidbits set off with: a +2 dagger, a potion of heal wounds, a +0 short sword, Sif Muna's Collected Works on Companions, a +0 robe, a bread ration
     0 | D:1      | Reached XP level 1. HP: 17/17 MP: 4/4
     0 | D:1      | Identified Sif Muna's Collected Works on Companions
   119 | D:2      | Reached skill level 2 in Fighting
   119 | D:2      | Reached skill level 2 in Stealth
   119 | D:2      | Reached XP level 2. HP: 24/24 MP: 6/6
   123 | D:2      | Learned a level 1 spell: Summon Small Mammal
   147 | D:2      | Noticed Sigmund
   384 | D:3      | HP: 2/24 [poisoned by an adder]
   384 | D:3      | Slain by an adder

Vault maps used:
D:1:      dpeg_arrival_ratfight, minmay_circled_x
D:2:      minmay_strange_pillars, grunt_ministairs_11, uniq_sigmund
D:3:      uniq_ijyb, uniq_jessica

Skill      XL: |  1 |
---------------+----+-----
Fighting       | 2 |  2.1
Stealth        | 2 |  2.1
Polearms       | |  1.7
Spellcasting   | |  1.2
Summonings     | |  0.1
Necromancy     | |  1.0
Poison Magic   | |  1.0
Evocations     | |  1.0

Action                   || total
-------------------------++-------
Melee: Dagger            ||    20
  Use: Potion            ||     1
 Stab: Sleeping          ||     4
Armor: Robe              ||     3
Dodge: Dodged            ||     5

Table legend:
 A = Spawn XP
 B = Non-spawn XP
 C = Spawn XP percentage of total XP
 D = Spawn monster count
 E = Non-spawn monster count
 F = Spawn count percentage of total count
 G = Total turns spent on level
                    A         B        C        D         E        F      G
               +---------+---------+-------+---------+---------+-------+---------
         Total |       0 |      20 |   0.0 |       0 |       8 |   0.0 |   384
               +---------+---------+-------+---------+---------+-------+---------
           D:1 |       0 |       3 |   0.0 |       0 |       3 |   0.0 |   101
           D:2 |       0 |      17 |   0.0 |       0 |       5 |   0.0 |   225
               +---------+---------+-------+---------+---------+-------+---------

Table legend:
 A = Turns spent in this place as a percentage of turns spent in the entire game.
 B = Non-inter-level travel turns spent in this place as a percentage of non-inter-level travel turns spent in the entire game.
 C = Inter-level travel turns spent in this place as a percentage of turns spent in this place.
 D = Turns resting spent in this place as a percentage of non-inter-level travel turns spent in this place.
 E = Turns spent auto-exploring this place as a percentage of non-inter-level travel turns spent in this place.
 F = Non-inter-level travel turns spent in this place divided by the number of levels of this place that you've seen.
                   A       B       C       D       E      F
               +-------+-------+-------+-------+-------+----------------------
         Total | 100.0 | 100.0 |  15.4 |   0.0 |   0.0 | 108.3
       Dungeon | 100.0 | 100.0 |  15.4 |   0.0 |   0.0 | 108.3
               +-------+-------+-------+-------+-------+----------------------

Table legend:
 A = Kills in this place as a percentage of kills in entire the game.
 B = Kills by you in this place as a percentage of kills by you in the entire game.
 C = Kills by friends in this place as a percentage of kills by friends in the entire game.
 D = Other kills in this place as a percentage of other kills in the entire game.
 E = Experience gained in this place as a percentage of experience gained in the entire game.
 F = Experience gained in this place divided by the number of levels of this place that you have seen.
                   A       B       C       D       E      F
               +-------+-------+-------+-------+-------+----------------------
         Total | 100.0 | 100.0 |   N/A |   N/A | 100.0 |   6.7
       Dungeon | 100.0 | 100.0 |   N/A |   N/A | 100.0 |   6.7
               +-------+-------+-------+-------+-------+----------------------

Vault maps used:
D:1:      dpeg_arrival_ratfight, minmay_circled_x
D:2:      minmay_strange_pillars, grunt_ministairs_11, uniq_sigmund
D:3:      uniq_ijyb, uniq_jessica
